 Dungeon Crawl Stone Soup version 0.31-a0-702-gf82c85558f (webtiles) character file.

Game seed: 12256679045708393473

868 Ofeo the Fighter (level 7, -8/63 HPs)
             Began as a Demonspawn Wanderer on Sept 8, 2023.
             Was an Initiate of Gozag.
             Shot with a bolt by an orc warrior (11 damage)
             ... on level 6 of the Dungeon.
             The game lasted 00:08:40 (5843 turns).

Ofeo the Fighter (Demonspawn Wanderer)              Turns: 5843, Time: 00:08:40

Health: -8/63      AC: 12    Str:  9    XL:     7   Next: 73%
Magic:  9/9        EV: 10    Int: 13    God:    Gozag
Gold:   384        SH:  4    Dex: 18    Spells: 5/8 levels left

rFire   . . .        l - +2 short sword (speed)
rCold   . . .        (no shield)
rNeg    . . .        k - +0 leather armour
rPois   .            (helmet unavailable)
rElec   .            r - +1 cloak
rCorr   .            (no gloves)
SInv    .            f - +0 pair of boots
Will    .....        (no amulet)
Stlth   +            g - ring of wizardry
HPRegen 0.30/turn    (no ring)
MPRegen 0.11/turn

%: wizardry (x1)
@: gold aura, sanguine armoured
A: horns 3, sanguine armour 1, condensation shield
a: Renounce Religion, Potion Petition, Call Merchant, Bribe Branch


You were on level 6 of the Dungeon.
You worshipped Gozag.
Gozag was aware of your devotion.
You visited 2 branches of the dungeon, and saw 8 of its levels.

You collected 470 gold pieces.
You paid 86 gold pieces to Gozag.

Inventory:

Hand Weapons
 a - a +0 dagger
 l - a +2 short sword of speed (weapon)
 v - a +0 long sword
Missiles
 b - 8 boomerangs (quivered)
 o - 2 datura-tipped darts
Armour
 e - a +0 robe
 f - a +0 pair of boots (worn)
 k - a +0 leather armour (worn)
 r - a +1 cloak (worn)
Jewellery
 g - a ring of wizardry (left hand)
Wands
 c - a wand of charming (9)
 s - a wand of acid (5) {@v2}
Scrolls
 d - a scroll of silence
 m - a scroll of vulnerability
 x - a scroll of torment
 y - a scroll of revelation
Potions
 j - 2 potions of mutation
 q - a potion of curing {@q1}


   Skills:
 + Level 8.4 Fighting
 - Level 3.0 Throwing
 - Level 1.4 Spellcasting
 - Level 1.7 Necromancy
 - Level 4.2 Evocations


You had 5 spell levels left.
You knew the following spells:

 Your Spells              Type           Power      Damage    Failure   Level
a - Kiss of Death         Conj/Necr      12%        2d6       11%         1
b - Wereblood             Tmut           0%         N/A       22%         2

Your spell library contained the following spells:

 Spells                   Type           Power      Damage    Failure   Level
 Sandblast                Erth           0%         2d4       16%         1
 Lesser Beckoning         Tloc           0%         N/A       22%         2
 Passwall                 Tmut/Erth      0%         N/A       22%         2
 Vampiric Draining        Necr           5%         2d6       22%         3
 Gell's Gravitas          Tloc           0%         N/A       41%         3
 Stone Arrow              Conj/Erth      0%         3d7       41%         3
 Teleport Other           Tloc           0%         N/A       41%         3
 Irradiate                Conj/Tmut      0%         3d11      98%         5


Dungeon Overview and Level Annotations

Branches:
Dungeon (7/15)             Temple (1/1) D:5

Altars:
Ashenzari
Cheibriados
Gozag
Makhleb
Qazlal
Uskayaw
Vehumet
Wu Jian

Annotations:
D:4 1 runed translucent door, Crazy Yiuf


Innate Abilities, Weirdness & Mutations

You have a pair of large horns on your head.
When seriously injured, your blood forms armour. (AC +6)
A meltable shield of frost defends you. (SH +4)


Message History

The bolt hits your phantom!!
Your phantom is destroyed!
You barely miss the orc.
The orc is heavily wounded.
The orc hits you but does no damage.
You puncture the orc!
You kill the orc!
The orc warrior shoots a bolt.
The bolt hits you.
* * * LOW HITPOINT WARNING * * *
You take 6 damage, and have 10/63 hp.
Aiming: Corrosive Bolt
Press: ? - help, Shift-Dir - straight line, f - you
Okay, then.
The orc warrior is distracted by your dazzling golden aura.
Aiming: Corrosive Bolt
Press: ? - help, Shift-Dir - straight line, f - orc warrior
Aim: an orc warrior, wielding a +0 arbalest and wearing a +0 plate armour (moderately wounded, unaware, hasn't noticed you, 74% to hit)
The bolt of acid hits the orc warrior.
The acid corrodes the orc warrior!
The orc warrior is heavily wounded.
The orc warrior is no longer distracted by gold.
The orc warrior shouts!
The orc warrior shoots a bolt.
The bolt hits you!
* * * LOW HITPOINT WARNING * * *
You take 7 damage, and have 4/63 hp.
Aiming: Corrosive Bolt
Press: ? - help, Shift-Dir - straight line, f/p - orc warrior
Aim: an orc warrior, wielding a +0 arbalest and wearing a +0 plate armour (heavily wounded, covered in acid, 74% to hit)
The bolt of acid misses the orc warrior.
The orc warrior shoots a bolt.
The bolt hits you.
* * * LOW HITPOINT WARNING * * *
You take 2 damage, and have 2/63 hp.
Aiming: Corrosive Bolt
Press: ? - help, Shift-Dir - straight line, f/p - orc warrior
Aim: an orc warrior, wielding a +0 arbalest and wearing a +0 plate armour (heavily wounded, covered in acid, 74% to hit)
The bolt of acid hits the orc warrior!
The orc warrior seems to be corroded for longer.
The orc warrior is almost dead.
The orc warrior shoots a bolt.
The bolt hits you!
You die...
Your body crumbles into a pile of gold.

#..#.#.#.#.... ##.............
....#.#.#.#.... #
###............. ###..
##.#.#$#$#.... ##...##
#............ #.....##
##.#...###...
#......############.#.#####...
#......##..$.@.>..o...........
#.........###########.########
#.....##### ####.######
#......# #.........# #.(.....#
#.......#.# #....o..#
#.........# ##...$.##
####.#.#..# ##...## #......#
##### #.#.#..#


You could see an orc warrior (corroded).

Vanquished Creatures
  A water moccasin (D:6)
  A black bear (D:5)
  A jelly (D:6)
  6 hounds
  3 orc priests
  An iguana (Temple)
  2 orc wizards
  A sleepcap (D:7)
  5 adders
  5 gnolls
  A shadow imp (D:6)
  A white imp (D:6)
  A worm (D:5)
  2 dart slugs
  8 orcs
  5 ball pythons
  3 endoplasms
  2 giant cockroaches (D:2)
  6 goblins
  9 hobgoblins
  5 jackals (D:3)
  4 quokkas
  2 bats
  4 frilled lizards
  6 kobolds
  11 rats
96 creatures vanquished.

Vanquished Creatures (collateral kills)
  A jelly (D:4)
  2 gnolls (D:4)
  An orc (D:5)
4 creatures vanquished.

Vanquished Creatures (others)
  A phantom (D:6)
  A scorpion (D:5)
  A gnoll bouda (D:4)
  A gnoll (D:4)
4 creatures vanquished.

Grand Total: 104 creatures vanquished

Notes
Turn   | Place    | Note
-------+----------+-------------------------------------------
     0 | D:1      | Ofeo the Demonspawn Wanderer began the quest for the Orb.
     0 | D:1      | Ofeo set off with the following items: a +0 dagger, 7
                  | boomerangs, a wand of charming (15), a scroll of silence, a
                  | +0 robe; and the following spell memorised: Kiss of Death;
                  | and the following spells available to memorise: Vampiric
                  | Draining.
     0 | D:1      | Reached XP level 1. HP: 15/15 MP: 2/2
   531 | D:1      | Gained mutation: You have a pair of small horns on your
                  | head. [demonic ancestry]
   531 | D:1      | Reached XP level 2. HP: 21/21 MP: 3/3
  1748 | D:2      | Reached XP level 3. HP: 26/26 MP: 5/5
  2151 | D:3      | Reached skill level 2 in Fighting
  2545 | D:3      | Gained mutation: When seriously injured, your blood forms
                  | armour. (AC +6) [demonic ancestry]
  2545 | D:3      | Reached XP level 4. HP: 32/34 MP: 6/6
  2783 | D:3      | Reached skill level 3 in Fighting
  3284 | D:3      | Learned a level 2 spell: Wereblood
  3568 | D:4      | Reached skill level 4 in Fighting
  3568 | D:4      | Gained mutation: A meltable shield of frost defends you.
                  | (SH +4) [demonic ancestry]
  3568 | D:4      | Reached XP level 5. HP: 35/42 MP: 7/7
  4130 | D:4      | Found a runed translucent door.
  4131 | D:4      | Noticed Crazy Yiuf
  4278 | D:5      | Entered Level 5 of the Dungeon
  4298 | D:5      | Reached skill level 5 in Fighting
  4298 | D:5      | Found a staircase to the Ecumenical Temple.
  4309 | Temple   | Entered the Ecumenical Temple
  4346 | Temple   | Became a worshipper of Gozag Ym Sagoz the Greedy
  4399 | D:5      | HP: 1/44 [orc priest/nerve-wracking pain (5)]
  4568 | D:5      | Gained mutation: You have a pair of horns on your head.
                  | [demonic ancestry]
  4568 | D:5      | Reached XP level 6. HP: 40/51 MP: 8/8
  4816 | D:5      | Reached skill level 6 in Fighting
  5010 | D:5      | Gained mutation: You have a pair of large horns on your
                  | head. [demonic ancestry]
  5010 | D:5      | Reached XP level 7. HP: 55/59 MP: 9/9
  5115 | D:5      | Reached skill level 7 in Fighting
  5382 | D:5      | Found a snail-covered altar of Cheibriados.
  5469 | D:5      | Found a hide-covered altar of Uskayaw.
  5723 | D:6      | Reached skill level 8 in Fighting
  5842 | D:6      | HP: 2/63 [orc warrior/bolt (2)]
  5843 | D:6      | Shot with a bolt by an orc warrior

Illustrated notes

Levels and vault maps discovered:
D:1:      dpeg_arrival_yet_another_circle, layout_basic, solitary_fountain
D:2:      layout_basic, minmay_misc_feat_tiny
D:3:      layout_basic
D:4:      layout_loops_cross, uniq_crazy_yiuf_cottage
D:5:      layout_rooms, mainiacjoe_overflow_alcove_4, kennysheep_mini,
          minmay_temple_entry_glassed_door, minmay_checkerbox
D:6:      layout_rooms, mainiacjoe_overflow_concentric_impassable, minitemple,
          serial_glass, glass_columns_c, glass_columns_a, portal_sewer_entry_d,
          minmay_misc_feat_enclosed, uniq_jeremiah
D:7:      layout_rooms, mainiacjoe_overflow_alcove_1,
          grunt_temple_overflow_open, lemuel_doored_altar,
          lemuel_zombie_altar_yredelemnul, minmay_misc_feat_more_columns,
          dreamdust_gnoll_shepherd
Temple:   hellmonk_temple_of_storms

Skill      XL: |  1  2  3  4  5  6  7 |
---------------+----------------------+-----
Throwing       | 3 |  3.0
Fighting       | 2 4 5 6 8 |  8.4
Spellcasting   | |  1.4
Necromancy     | |  1.7
Evocations     | |  4.2

Action                     |  1- 3 |  4- 6 |  7- 9 || total
---------------------------+-------+-------+-------++-------
  Melee: Dagger            |    62 |       |       ||    62
         Headbutt          |    18 |    25 |    16 ||    59
         Short sword       |    71 |   182 |    94 ||   347
         Punch             |       |     1 |       ||     1
  Throw: Boomerang         |    23 |     8 |       ||    31
  Evoke: Wand              |       |     5 |     7 ||    12
    Use: Scroll            |     2 |     5 |     5 ||    12
         Potion            |       |       |     4 ||     4
   Stab: Sleeping          |     2 |       |       ||     2
         Distracted        |       |       |     1 ||     1
 Armour: Robe              |    24 |       |       ||    24
         Leather armour    |    64 |    86 |    61 ||   211
  Dodge: Dodged            |    67 |    87 |    33 ||   187
  Block: Other             |       |    27 |     9 ||    36

Table legend: (Time is in decaauts)
 A = Elapsed time spent in this place.
 B = Non-inter-level travel time spent in this place.
 C = Inter-level travel time spent in this place.
 D = Time resting spent in this place.
 E = Time spent auto-exploring this place.
 F = Levels seen in this place.
 G = Mean time per level.
                   A        B        C        D        E       F      G
               +--------+--------+--------+--------+--------+-----+--------+
         Total |   5712 |   5268 |    444 |    373 |   3899 |   8 |  714.0 |
       Dungeon |   5387 |   4963 |    424 |    110 |   3899 |   7 |  769.6 |
        Temple |    325 |    305 |     20 |    263 |      0 |   1 |  325.0 |
               +--------+--------+--------+--------+--------+-----+--------+

Top non-repeatable levels by time:
     D:1: 1208 daAuts
     D:3: 1195 daAuts
     D:2: 927 daAuts
     D:4: 902 daAuts
     D:5: 861 daAuts
  Temple: 325 daAuts
     D:6: 224 daAuts
     D:7: 68 daAuts
